Map: Ruins of Seras

Players

Vincent

  • Race: Zerg Zerg
  • League: Grandmaster

LiquidMaNa (MaNa) - Winner!

  • Race: Protoss Protoss
  • League: Master

Event: DreamHack ZOWIE Open Leipzig

VOD

Have the link to the VOD?

Description

Time

  • Played on: Jan. 22, 2016, 7:36 a.m.
  • Length: 12:48

All games in this series

Show
View Real Time Build Order
Export as new Build Order

Vincent Zerg 

Build Orders: Pool First, Lurkers 

Get SALT Encoding   

  12  0:01  Drone  
  13  0:13  Overlord  
  13  0:18  Drone  
  14  0:31  Drone x2  
  14  0:35  Drone  
  17  0:57  Spawning Pool  
  17  0:58  Drone x2  
  18  1:17  Hatchery  
  17  1:19  Drone  
  18  1:44  Overlord, Zergling x2  
  18  1:45  Drone, Queen  
  22  2:10  Hatchery  
  22  2:12  Drone x2  
  23  2:21  Queen  
  25  2:24  Drone  
  26  2:31  Queen  
  26  2:36  Drone  
  29  2:37  Drone  
  29  2:40  Drone  
  31  2:46  Drone  
  32  2:58  Overlord  
  32  2:59  Zergling x6  
  35  3:06  Overlord  
  35  3:07  Drone  
  35  3:11  Zergling x2  
  36  3:14  Extractor  
  36  3:15  Drone, Extractor  
  35  3:20  Drone  
  36  3:29  Overlord  
  36  3:30  Drone  
  36  3:31  Drone x4  
  36  3:32  Drone  
  42  3:36  Overlord  
  43  3:41  Zergling x2  
  43  3:47  Drone x3  
  46  3:49  Extractor  
  46  3:50  Extractor  
  46  3:57  Overlord  
  46  3:59  Drone  
  46  4:00  Drone x3  
  50  4:03  Overlord  
  50  4:06  Drone x2  
  51  4:11  Metabolic Boost  
  51  4:18  Drone  
  51  4:20  Baneling Nest  
  51  4:26  Drone  
  51  4:27  Drone x6  
  58  4:35  Lair  
  58  4:38  Drone  
  58  4:39  Drone x3  
  58  4:43  Drone  
  58  4:44  Drone x2  
  65  4:52  Overlord  
  65  4:55  Zergling x2  
  65  4:56  Zergling x10  
  71  5:04  Baneling x6  
  70  5:07  Zergling x2, Extractor  
  70  5:08  Extractor, Zergling x4  
  70  5:12  Zergling x2  
  70  5:13  Zergling x12  
  78  5:15  Queen  
  77  5:23  Overlord  
  77  5:24  Overlord, Drone  
  77  5:25  Drone x2  
  75  5:33  Drone x3  
  71  5:43  Evolution Chamber  
  71  5:44  Evolution Chamber  
  71  5:46  Overlord, Hydralisk Den  
  71  5:47  Drone x4  
  72  6:00  Overlord  
  72  6:01  Drone x8  
  79  6:04  Extractor  
  79  6:05  Extractor  
  79  6:11  Zerg Missile Weapons Level 1, Zerg Melee Weapons Level 1  
  77  6:16  Overlord  
  77  6:17  Lurker Den  
  76  6:19  Drone x3  
  76  6:24  Spore Crawler, Drone  
  79  6:27  Spore Crawler, Drone  
  79  6:28  Spore Crawler  
  78  6:35  Hatchery  
  77  6:41  Overseer  
  77  6:43  Hydralisk  
  77  6:44  Hydralisk x3  
  85  6:52  Hydralisk  
  85  6:53  Zergling x10  
  92  7:04  Hydralisk x5  
  92  7:06  Drone  
  100  7:16  Baneling  
  100  7:17  Baneling x7  
  100  7:18  Baneling x2  
  100  7:20  Hydralisk  
  100  7:21  Hydralisk x3  
  106  7:30  Hydralisk  
  106  7:31  Hydralisk x3  
  104  7:37  Hydralisk  
  104  7:38  Hydralisk x2  
  104  7:39  Zergling x2  
  104  7:40  Zergling x2  
  104  7:43  Queen  
  106  7:51  Hydralisk x4  
  104  8:01  Hydralisk x4  
  112  8:14  Hydralisk x5  
  112  8:19  Drone x6  
  128  8:36  Overlord x4  
  128  8:39  Extractor  
  126  8:48  Zerg Missile Weapons Level 2  
  124  8:50  Zerg Melee Weapons Level 2  
  124  8:52  Pneumatized Carapace  
  124  8:53  Overlord x3  
  124  8:56  Overlord  
  124  8:57  Overlord x2  
  124  9:01  Spore Crawler  
  123  9:02  Overlord  
  123  9:03  Overlord  
  123  9:04  Drone x4  
  123  9:07  Spore Crawler  
  123  9:09  Lurker x4  
  126  9:21  Drone x2  
  126  9:23  Lurker x2  
  129  9:25  Hydralisk x2  
  129  9:28  Queen  
  133  9:36  Queen  
  133  9:37  Queen  
  137  9:42  Zergling x14  
  137  9:43  Zergling x12  
  150  9:50  Overlord  
  149  9:53  Baneling x4  
  149  9:54  Drone x3  
  149  9:57  Overseer  
  152  10:00  Muscular Augments  
  152  10:03  Baneling x15  
  152  10:07  Hydralisk x2  
  155  10:15  Spore Crawler, Drone  
  155  10:16  Drone x4  
  155  10:18  Drone x2  
  161  10:22  Centrifical Hooks  
  161  10:24  Hydralisk x2  
  164  10:36  Overlord x2  
  164  10:37  Overlord x2  
  164  10:42  Overlord  
  164  10:43  Overlord x2, Extractor  
  164  10:47  Baneling x7  
  164  10:48  Baneling x2  
  163  10:50  Overlord  
  163  10:51  Hydralisk  
  165  11:04  Hydralisk x7  
  161  11:16  Hydralisk x3  
  165  11:24  Lurker x4  
  165  11:25  Zergling x10  
  168  11:46  Zergling x14  
  175  11:48  Baneling x10  
  175  11:50  Hatchery  
  174  11:58  Overlord  
  174  12:02  Infestation Pit, Zergling x20  
  174  12:03  Zergling x8  
  174  12:05  Drone x2  
  144  12:23  Hydralisk  
  144  12:24  Hydralisk x5  
Show
View Real Time Build Order
Export as new Build Order

LiquidMaNa Protoss - Winner!

Build Orders: Nexus First 

Get SALT Encoding   

  12  0:01  Probe (Chrono Boost)  
  13  0:11  Probe (Chrono Boost)  
  14  0:17  Pylon  
  14  0:22  Probe (Chrono Boost)  
  16  0:35  Probe (Chrono Boost)  
  16  0:46  Probe (Chrono Boost)  
  17  1:01  Nexus  
  17  1:12  Gateway  
  17  1:16  Probe (Chrono Boost)  
  18  1:22  Assimilator  
  18  1:27  Probe (Chrono Boost)  
  19  1:33  Assimilator  
  19  1:37  Probe (Chrono Boost)  
  20  1:44  Gateway  
  21  1:59  Cybernetics Core  
  21  2:00  Zealot (Chrono Boost)  
  22  2:09  Probe  
  22  2:11  Probe  
  24  2:21  Probe (Chrono Boost)  
  25  2:23  Probe (Chrono Boost)  
  26  2:33  Probe (Chrono Boost)  
  26  2:34  Probe (Chrono Boost)  
  26  2:35  Adept (Chrono Boost)  
  32  2:37  Adept (Chrono Boost)  
  32  2:41  Warp Gate  
  32  2:47  Probe x2  
  34  2:53  Pylon  
  34  3:02  Probe (Chrono Boost)  
  34  3:04  Probe (Chrono Boost)  
  38  3:14  Sentry (Chrono Boost)  
  38  3:15  Probe (Chrono Boost)  
  38  3:17  Sentry (Chrono Boost)  
  41  3:22  Mothership Core (Chrono Boost)  
  41  3:25  Pylon  
  43  3:28  Probe (Chrono Boost)  
  44  3:38  Probe  
  44  3:41  Probe  
  46  3:44  Adept x2 (Chrono Boost)  
  50  3:52  Nexus  
  50  3:56  Pylon  
  50  4:00  Probe x2  
  52  4:08  Adept (Chrono Boost)  
  54  4:10  Pylon  
  54  4:14  Adept (Chrono Boost)  
  56  4:18  Forge  
  56  4:22  Gateway  
  56  4:25  Pylon  
  56  4:29  Probe x2 (Chrono Boost)  
  58  4:44  Adept  
  60  4:47  Adept  
  60  4:49  Probe x2 (Chrono Boost)  
  64  4:52  Stargate  
  64  4:54  Stargate  
  65  5:00  Probe x2 (Chrono Boost)  
  65  5:01  Assimilator  
  65  5:02  Assimilator  
  65  5:05  Probe (Chrono Boost)  
  67  5:10  Probe x2 (Chrono Boost)  
  69  5:15  Probe (Chrono Boost)  
  69  5:21  Probe x2 (Chrono Boost)  
  72  5:26  Probe (Chrono Boost)  
  71  5:32  Probe x2 (Chrono Boost)  
  69  5:36  Protoss Ground Weapons Level 1  
  69  5:40  Probe (Chrono Boost)  
  61  5:42  Probe (Chrono Boost)  
  61  5:44  Gateway  
  61  5:45  Gateway  
  61  5:46  Phoenix x2 (Chrono Boost)  
  65  5:50  Gateway  
  65  5:56  Probe x2  
  67  6:03  Pylon  
  67  6:06  Photon Cannon  
  67  6:07  Stalker, Pylon  
  71  6:12  Pylon  
  71  6:13  Phoenix x2 (Chrono Boost)  
  71  6:18  Probe x2  
  75  6:20  Pylon  
  75  6:22  Pylon  
  75  6:25  Probe  
  75  6:30  Probe x2  
  78  6:35  Phoenix x2 (Chrono Boost)  
  78  6:38  Pylon  
  82  6:40  Robotics Facility  
  82  6:47  Pylon  
  82  6:50  Zealot x3  
  82  6:52  Adept  
  82  6:53  Adept  
  92  6:57  Adept  
  92  6:59  Phoenix (Chrono Boost)  
  96  7:08  Phoenix (Chrono Boost)  
  98  7:10  Assimilator  
  98  7:11  Assimilator  
  98  7:15  Zealot  
  98  7:16  Zealot  
  98  7:20  Twilight Council  
  98  7:22  Zealot x4  
  96  7:44  Immortal  
  96  7:47  Probe  
  96  7:48  Probe  
  96  7:50  Phoenix (Chrono Boost)  
  96  7:51  Phoenix (Chrono Boost)  
  106  7:59  Zealot x5  
  106  8:00  Zealot  
  106  8:04  Probe x3  
  121  8:07  Charge (Chrono Boost)  
  121  8:16  Pylon  
  121  8:18  Pylon, Robotics Facility  
  121  8:20  Pylon  
  121  8:21  Observer  
  121  8:24  Zealot x4  
  121  8:25  Zealot  
  132  8:30  Sentry  
  134  8:37  Gateway  
  134  8:38  Gateway, Immortal  
  134  8:40  Gateway  
  138  8:59  Zealot x6  
  150  9:06  Immortal  
  154  9:18  Gateway x2  
  154  9:28  Zealot x5  
  164  9:36  Templar Archives  
  164  9:39  Pylon  
  164  9:40  Pylon  
  164  9:47  Protoss Ground Weapons Level 2  
  164  9:49  Observer  
  164  9:52  Immortal  
  169  10:14  High Templar x4  
  171  10:15  High Templar x2  
  171  10:20  Archon  
  171  10:21  Archon x2  
  181  10:25  Nexus  
  181  10:26  Pylon  
  177  10:40  Robotics Bay  
  177  10:44  High Templar x2  
  177  10:48  Archon  
  181  10:52  Zealot x4  
  145  11:24  Disruptor  
  143  11:29  Disruptor  
  149  11:37  Assimilator  
  149  11:40  High Templar x3  
  149  11:41  Zealot x2, High Templar  
  149  11:42  Zealot x5, Assimilator  
  149  11:44  Archon  
  149  11:45  Archon  
  171  11:59  Disruptor (Chrono Boost)  
  174  12:06  Disruptor (Chrono Boost)  
  167  12:16  Zealot x9  
  171  12:29  Zealot x2  
  151  12:36  Zealot x6  
  139  12:41  Zealot x3  

Tags
 
Add a new tag
Caveats
  • Supply blocks, unpowered buildings, or Contaminate may cause inaccurate times.
  • Supply counts are checked every 10 seconds.